Map: Alcyone LE

Players

Applepi - Winner!

  • Race: Zerg Zerg
  • League: Bronze
  • Spawn Location: 7:00

A.I. 1 (Very Easy)

  • Race: Zerg Zerg
  • Spawn Location: 1:00

VOD

Have the link to the VOD?

Description

Time

  • Played on: May 8, 2025, 10:09 a.m.
  • Length: 8:50
Show
View Real Time Build Order
Export as new Build Order

Applepi Zerg - Winner!

Build Orders: Pool First 

Get SALT Encoding   

  12  0:03  Drone  
  13  0:13  Overlord  
  13  0:20  Drone  
  14  0:32  Drone x2  
  16  0:45  Spawning Pool  
  16  0:48  Drone, Extractor  
  15  0:52  Drone  
  16  1:03  Drone  
  17  1:23  Overlord  
  17  1:25  Hatchery  
  17  1:26  Drone  
  17  1:38  Queen  
  19  1:42  Zergling x2  
  19  1:45  Zergling x2  
  21  1:57  Drone  
  22  2:09  Drone  
  22  2:13  Queen  
  25  2:20  Drone  
  26  2:25  Overlord  
  26  2:36  Drone  
  27  2:39  Drone  
  28  2:47  Drone  
  28  2:49  Queen  
  28  2:50  Queen  
  33  2:57  Drone  
  33  2:58  Drone  
  35  3:02  Drone  
  35  3:03  Drone  
  37  3:08  Drone  
  38  3:17  Overlord  
  38  3:22  Drone x3  
  41  3:36  Roach Warren  
  40  3:46  Lair  
  40  3:54  Extractor  
  39  3:56  Drone x5  
  44  4:19  Drone x3  
  44  4:21  Overlord  
  44  4:22  Evolution Chamber  
  46  4:41  Zergling x6  
  46  4:43  Zergling x8  
  53  4:51  Zerg Melee Weapons Level 1  
  53  4:53  Metabolic Boost  
  53  5:00  Zergling x4  
  55  5:08  Roach x2  
  55  5:11  Overlord x2  
  59  5:21  Glial Reconstitution  
  59  5:30  Roach x5  
  59  5:31  Roach  
  59  5:33  Overlord  
  71  5:39  Roach  
  71  5:40  Roach  
  75  5:54  Roach x2  
  75  5:55  Roach  
  75  5:56  Roach  
  83  5:58  Overlord x2  
  83  6:20  Roach x4  
  83  6:22  Roach x3  
  83  6:24  Overlord  
  97  6:38  Overlord  
  97  6:42  Roach  
  97  6:44  Roach  
  97  6:45  Zerg Missile Weapons Level 1, Roach  
  97  6:46  Roach  
  105  6:47  Roach  
  107  7:01  Roach x4  
  115  7:04  Overlord  
  115  7:21  Overlord  
  115  7:25  Roach  
  115  7:26  Roach x3  
  123  7:30  Overlord x2  
  123  7:51  Roach  
  123  7:52  Roach x5  
  123  7:53  Roach x2  
  123  7:54  Roach  
  141  8:10  Zergling x10  
  145  8:29  Overlord x2  
Show
View Real Time Build Order
Export as new Build Order

A.I. 1 (Very Easy) Zerg 

Build Orders: Pool First 

Get SALT Encoding   

  12  0:00  Drone  
  13  0:13  Overlord  
  13  0:16  Drone  
  14  0:35  Spawning Pool  
  13  0:36  Extractor  
  13  0:40  Drone  
  13  0:47  Drone  
  14  0:53  Overlord  
  14  1:22  Zergling x2  
  14  1:23  Queen  
  17  1:34  Roach Warren  
  17  1:37  Drone  
  17  1:42  Extractor  
  17  1:46  Drone  
  17  1:51  Zergling x2  
  18  2:04  Drone  
  19  2:11  Drone  
  20  2:19  Zergling x2  
  20  2:20  Drone  
  22  2:30  Overlord  
  22  2:33  Drone  
  23  2:40  Drone  
  24  2:47  Drone  
  24  2:48  Roach  
  27  7:28  Drone, Lair  
  28  7:35  Drone, Hatchery  
  28  7:42  Drone  
  29  7:49  Drone  
  29  7:51  Overlord  
  30  7:57  Drone  
  31  8:04  Drone  
  31  8:18  Zergling x2  
  28  8:25  Overseer x2  
  28  8:33  Drone  
Tags
 
League
Bronze
Matchup
ZvZ
Race
Zerg
Spawn Locations
Cross Positions
Add a new tag
Caveats
  • Supply blocks, unpowered buildings, or Contaminate may cause inaccurate times.
  • Supply counts are checked every 10 seconds.